 Dungeon Crawl Stone Soup version 0.30-a0-920-g7493c07aab (webtiles) character file.

Game seed: 14923838439024116014

447 theswoord the Cudgeller (level 7, 0/41 HPs)
             Began as a Gargoyle Berserker on Mar 22, 2023.
             Was a Believer of Trog.
             Slain by a killer bee (5 damage)
             ... on level 7 of the Dungeon.
             The game lasted 00:03:58 (2756 turns).

theswoord the Cudgeller (Gargoyle Berserker)        Turns: 2756, Time: 00:03:59

Health: 0/41       AC: 19    Str: 22    XL:     7   Next: 3%
Magic:  7/7        EV:  7    Int:  8    God:    Trog [**....]
Gold:   206        SH:  0    Dex:  9    Spells: 6/6 levels left

rFire   . . .      SeeInvis .    c - +0 whip (flame)
rCold   . . .      Faith    .    (no shield)
rNeg    + . .      Spirit   .    h - +0 plate armour
rPois   ∞          Reflect  .    (no helmet)
rElec   +          Rampage  .    (no cloak)
rCorr   .                        (no gloves)
Will    .....                    (no boots) Stlth
                                 (no amulet)
HPRegen 0.26/turn                i - +4 ring of protection
MPRegen 0.10/turn                (no ring)

@: invisible
A: sickness immunity, AC +4, negative energy resistance 1, electricity
resistance, torment resistance 1, petrification resistance, inability to drink
after injury 1, MP-powered wands, sturdy frame 1
a: Renounce Religion, Berserk, Trog's Hand


You were on level 7 of the Dungeon.
You worshipped Trog.
Trog was pleased with you.
You visited 1 branch of the dungeon, and saw 5 of its levels.

You collected 206 gold pieces.

Inventory:

Hand Weapons
 a - a +0 mace of venom
 c - a +0 whip of flaming (weapon)
Armour
 b - a +0 animal skin
 h - a +0 plate armour (worn)
Jewellery
 i - a +4 ring of protection (left hand)
 k - an amulet of regeneration
Scrolls
 f - a scroll of immolation
 n - 2 scrolls of teleportation
Potions
 d - 2 potions of mutation
 g - 3 potions of haste {unknown}
 j - a potion of heal wounds {unknown}
 l - 2 potions of curing {unknown}
 m - a potion of degeneration {unknown}


   Skills:
 - Level 3.2 Fighting
 + Level 7.7 Maces & Flails
 - Level 2.1 Armour
 - Level 1.5 Dodging


You had 6 spell levels left.
You didn't know any spells.
Your spell library was empty.

Dungeon Overview and Level Annotations

Branches:
Dungeon (4/15)
 Temple: D:4-7

Altars:
Nemelex Xobeh


Innate Abilities, Weirdness & Mutations

You are immune to sickness and miasma.
Your stone body is resilient. (AC +4)
You are immune to poison.
You resist negative energy. (rN+)
You are resistant to electric shocks. (rElec)
You are resistant to unholy torment.
You are immune to petrification.
You occasionally lose the ability to drink potions when taking damage.
You expend magic power (3 MP) to strengthen your wands.
Your movements are slightly less encumbered by armour. (ER -2)


Message History

The killer bee stings you!
The killer bee stings you but does no damage.
The killer bee attacks as you move away!
The killer bee stings you but does no damage.
The killer bee barely misses you.
The killer bee stings you but does no damage.
The killer bee attacks as you move away!
The killer bee stings you but does no damage. x4
The killer bee attacks as you move away!
The killer bee closely misses you. The killer bee stings you.
* * * LOW HITPOINT WARNING * * *
The killer bee stings you but does no damage. x2
Things that are here:
a +0 dagger; a +0 robe The killer bee stings you!
* * * LOW HITPOINT WARNING * * *
The killer bee stings you but does no damage. x2
The killer bee stings you but does no damage.
The killer bee stings you!
* * * LOW HITPOINT WARNING * * *
The killer bee stings you but does no damage.
It was a potion of mutation.
You feel extremely strange.
You feel your magical essence link to the dungeon's wands.
You occasionally lose the ability to drink potions when taking damage.
You feel less encumbered by your armour.
The killer bee stings you but does no damage.
The killer bee barely misses you. x2
The killer bee stings you but does no damage.
The killer bee barely misses you. x2
Okay, then.
You fade into invisibility!
The killer bee barely misses you. The killer bee closely misses you.
The killer bee stings you but does no damage.
The killer bee stings you.
* * * LOW HITPOINT WARNING * * *
The killer bee stings you but does no damage.
The killer bee barely misses you.
The killer bee stings you but does no damage.
The killer bee barely misses you. The killer bee stings you.
You die...

#..##'##8........##
#..#8..#.....[..##
... #.[.........##
###. #...##......#
# #...#####..##
#...#.).....#
#.))#.......#
#.yy#.......#
#.y@y.......+
#.y.##.######
#8...### ##.### ###


You could see 5 killer bees.

Vanquished Creatures
  Sigmund (D:3)
  A scorpion (D:4)
  A scorpion zombie (D:3)
  3 orc wizards
  A hound skeleton (D:3)
  3 adders
  An adder zombie (D:3)
  An adder skeleton (D:3)
  A worm (D:3)
  2 dart slugs (D:4)
  4 orcs
  4 ball pythons
  3 bats
  2 endoplasms
  3 giant cockroaches
  3 goblins
  4 hobgoblins
  16 jackals
  4 quokkas
  2 frilled lizards
  A giant cockroach zombie (D:3)
  6 kobolds
  3 rats
70 creatures vanquished.

Notes
Turn   | Place    | Note
-------+----------+-------------------------------------------
     0 | D:1      | theswoord the Gargoyle Berserker began the quest for the
                  | Orb.
     0 | D:1      | Reached XP level 1. HP: 14/14 MP: 1/1
    28 | D:1      | Reached XP level 2. HP: 5/19 MP: 2/2
   178 | D:1      | Reached skill level 4 in Maces & Flails
   268 | D:1      | Reached XP level 3. HP: 22/23 MP: 3/3
  1172 | D:2      | Reached ** piety under Trog
  1226 | D:2      | Reached XP level 4. HP: 28/28 MP: 4/4
  1513 | D:3      | Reached skill level 5 in Maces & Flails
  1661 | D:3      | Noticed Sigmund
  1705 | D:3      | Killed Sigmund
  1706 | D:3      | Reached skill level 6 in Maces & Flails
  1706 | D:3      | Reached XP level 5. HP: 16/32 MP: 5/5
  1706 | D:3      | Reached XP level 6. HP: 18/37 MP: 6/6
  2074 | D:3      | Reached skill level 7 in Maces & Flails
  2390 | D:3      | Found a sparkling altar of Nemelex Xobeh.
  2681 | D:4      | You fall into a shaft and drop 3 floors!
  2724 | D:7      | Reached XP level 7. HP: 39/41 MP: 7/7
  2755 | D:7      | Gained mutation: You expend magic power (3 MP) to
                  | strengthen your wands. [potion of mutation]
  2755 | D:7      | Gained mutation: You occasionally lose the ability to drink
                  | potions when taking damage. [potion of mutation]
  2755 | D:7      | Gained mutation: Your movements are slightly less
                  | encumbered by armour. (ER -2) [potion of mutation]
  2756 | D:7      | Slain by a killer bee

Skill      XL: |  1  2  3  4  5  6 |
---------------+-------------------+-----
Maces & Flails | 4 6 7 |  7.7
Fighting       | |  3.2
Armour         | |  2.1
Dodging        | |  1.5

Action                     |  1- 3 |  4- 6 |  7- 9 || total
---------------------------+-------+-------+-------++-------
  Melee: Mace              |    20 |       |       ||    20
         Whip              |   112 |   182 |     7 ||   301
         Punch             |       |     4 |       ||     4
 Invoke: Berserk           |     1 |       |       ||     1
         Trog's Hand       |       |     1 |       ||     1
    Use: Scroll            |     4 |     2 |       ||     6
         Potion            |       |     1 |     2 ||     3
 Armour: Animal skin       |    32 |       |       ||    32
         Plate armour      |    29 |   110 |    37 ||   176
  Dodge: Dodged            |    77 |    40 |    13 ||   130

Levels and vault maps discovered:
D:1:      lightli_arrival_statuegarden, layout_basic,
          nicolae_kite_square_tiling_tiny
D:2:      layout_loops_ring, minmay_misc_feat_x, minmay_pentomino_v4
D:3:      layout_loops_corners, mainiacjoe_overflow_brackets, serial_undead,
          serial_undead_e, serial_undead_a, serial_undead_b, serial_undead_e,
          uniq_sigmund
D:4:      layout_rooms, uniq_pikel, uniq_ijyb
D:7:      hellmonk_crumbling_castle, layout_loops_ring,
          nicolae_sif_muna_condensation, minmay_temple_entry_wispy,
          uniq_crazy_yiuf_cottage
